 Dungeon Crawl Stone Soup version 0.31-a0-986-g5e6e4ef867 (webtiles) character file.

Game seed: 4435666886340690816

1873 ytrimaz the Nimble (level 8, 37/37 HPs)
             Began as a Felid Shapeshifter on Nov 16, 2023.
             Was an Initiate of Gozag.
             Quit the game on level 7 of the Dungeon on Nov 17, 2023.
             The game lasted 00:07:36 (5308 turns).

ytrimaz the Nimble (Felid Shapeshifter)             Turns: 5308, Time: 00:07:36

Health: 37/37      AC:  2    Str: 10    XL:     8   Next: 91%
Magic:  9/9        EV: 22    Int: 11    God:    Gozag
Gold:   393        SH:  0    Dex: 18    Spells: 7/7 levels left
                                        Lives:  0   Deaths: 3

rFire   . .          .
                       - Unarmed
rCold   . . .        (shield unavailable)
rNeg    + . .        (body armour unavailable)
rPois   .            (helmet unavailable)
rElec   .            (cloak unavailable)
rCorr   .            (gloves unavailable)
SInv    +            (boots unavailable)
Will    +....        d - amulet of guardian spirit
Stlth   ++++         o - ring of positive energy
HPRegen 0.26/turn    (no ring)
MPRegen 0.11/turn

%: guardian spirit
@: beast-form, quick
A: beast (slay +3), very small, claws 1, fangs 3, see invisible, speed 1, shaggy
fur 2, stealthy paws, no weapons or thrown items, no armour, multi-lived
a: Begin Untransformation, Renounce Religion, Potion Petition, Call Merchant,
Bribe Branch


You were on level 7 of the Dungeon.
You worshipped Gozag.
Gozag was aware of your devotion.
You were a hulking beast.
You visited 2 branches of the dungeon, and saw 8 of its levels.

You collected 524 gold pieces.
You paid 131 gold pieces to Gozag.


Innate Abilities, Weirdness & Mutations

You are a hulking beast.
Your limbs bulge with bestial killing power. (Slay +3)
You have sharp claws.
You have razor-sharp teeth.
You have supernaturally acute eyesight. (SInv)
You cover ground quickly. (Speed+)
You are covered in thick fur. (AC +2)
Your paws help you pounce on unaware monsters.
You are incapable of wielding weapons or throwing items.
You cannot wear armour.
You gain extra lives every three experience levels.


   Skills:
 + Level 5.6 Fighting
 + Level 8.0 Dodging
 + Level 7.4 Stealth
 - Level 4.0 Unarmed Combat
 + Level 6.6 Shapeshifting


You had 7 spell levels left.
You didn't know any spells.
Your spell library contained the following spells:

 Spells                   Type           Power      Damage    Failure   Level
 Summon Small Mammal      Summ           0%         N/A       34%         1
 Sublimation of Blood     Necr           0%         N/A       47%         2
 Wereblood                Tmut           0%         N/A       47%         2
 Call Canine Familiar     Summ           0%         N/A       71%         3
 Summon Guardian Golem    Hex/Summ       0%         N/A       71%         3
 Summon Hydra             Summ           0%         N/A       100%        7

Inventory:

Jewellery
 d - an amulet of guardian spirit (around neck)
   (You found it on level 1 of the Dungeon)
 o - a ring of positive energy (left paw)
   (You found it on level 3 of the Dungeon)
Talismans
 b - a beast talisman
 c - a flux talisman
Wands
 a - a wand of polymorph (11) (quivered)
   (You found it on level 5 of the Dungeon)
 q - a wand of digging (6)
   (You found it on level 5 of the Dungeon)
Scrolls
 f - 2 scrolls of teleportation
 g - a scroll of noise
 i - 2 scrolls of immolation
 j - 2 scrolls of enchant weapon
 r - 2 scrolls of revelation {unknown}
Potions
 l - a potion of enlightenment
 n - a potion of cancellation

Dungeon Overview and Level Annotations

Branches:
Dungeon (7/15) Zot: 27000  Temple (1/1) D:6 Zot: 5963

Altars:
Ashenzari
Cheibriados
Dithmenos
Elyvilon
Fedhas
Gozag
Hepliaklqana
Kikubaaqudgha
Makhleb
Nemelex Xobeh
Okawaru
Qazlal
Ru
Sif Muna
Trog
Uskayaw
Vehumet
Wu Jian
Xom
Yredelemnul
Zin
The Shining One

Shops:
D:1 ( D:6

( #..#
##.....
...#
.....
#.##
#....
#.##
#....
#.##
...##
#<..
...
####
#.# #
#h# #
#.# #
#.# #
... #
#.# #
#.# #.#
#..


There were no monsters in sight!


Message History

The orc wizard gestures wildly while chanting.
The orc wizard flickers and vanishes for a moment. 😕 HP[+1]
The orc wizard points at you and mumbles some strange words.
The magic dart hits you. 😮 HP[-5] MP[-1]
You take 5 damage, and now have 25/37 hp.
You lost 1 mp, and now have 6/9 mp. 😮 HP[+1]
You are too injured to fight recklessly!
You scratch the orc wizard.
Unknown command.
You are too injured to fight recklessly!
You scratch the orc. You barely miss the orc. You claw the orc.
You kill the orc!
The orc wizard points at you and mumbles some strange words.
The magic dart hits you! 😮 HP[-7] MP[-1]
You take 7 damage, and now have 19/37 hp.
You lost 1 mp, and now have 5/9 mp.
You are too injured to fight recklessly!
Unknown command.
The orc wizard casts a spell at you. The puff of flame hits you!
* * * LOW HITPOINT WARNING * * *
Things that are here:
6 gold pieces; a +0 dagger; 😨 HP[-6] MP[-1]
You take 6 damage, and now have 13/37 hp.
You lost 1 mp, and now have 4/9 mp.
You are too injured to fight recklessly!
You scratch the orc wizard. You bite the orc wizard.
The orc wizard gestures at you while chanting.
The magic dart hits the orc wizard.
The orc wizard points at you and mumbles some strange words.
You are confused. 😨 HP[+1]
You bump into the rock wall.
The orc wizard completely misses you.
Unknown command.
Okay, then.
Okay, then.
You bump into the rock wall.
The orc wizard barely misses you.
Unknown command.
Unknown command.
You bump into the rock wall.
The orc wizard casts a spell at you.
The puff of flame hits the orc wizard!
The orc wizard dies!
You're too confused to move! 😨 HP[+1] Unknown command.
The orc is distracted by your dazzling golden aura.
The orc is no longer distracted by gold.
Unknown command.
You bump into the rock wall.
You bump into the rock wall.
You feel less confused.
The orc wizard gestures at you while chanting.
The puff of flame misses you.
The orc is distracted by your dazzling golden aura. 😨 HP[+1] MP[+1] Unknown command.
The orc shouts!
You claw the orc wizard!
The orc is no longer distracted by gold.
The orc wizard closely misses you.
You scratch the orc wizard but do no damage.
The orc wizard barely misses you.
Unknown command.
You scratch the orc wizard. You bite the orc wizard.
You kill the orc wizard!
Your Dodging skill increases to level 8!
You scratch the steam dragon. The steam dragon closely misses you.
The steam dragon misses you.
Unknown command. 😨 HP[+1]
You scratch the steam dragon. Your bite misses the steam dragon.
The steam dragon misses you. The steam dragon completely misses you.
Unknown command.
You completely miss the steam dragon. The steam dragon completely misses you.
The steam dragon misses you.
You scratch the steam dragon. The steam dragon breathes steam at you.
The ball of steam hits you!
* * * LOW HITPOINT WARNING * * *
😱 HP[-13] MP[-4]
You take 13 damage, and now have 4/37 hp.
MASSIVE DAMAGE!! (PAUSE)
You lost 4 mp, and now have 1/9 mp.
You scratch the steam dragon.
You are engulfed in a cloud of scalding steam.
You die...
Your shape twists and changes as you die.
The steam dragon closely misses you. x2
The orc is distracted by your dazzling golden aura.
You rejoin the land of the living... 😎 HP[+33] MP[+8]
Your hp is fully restored (37).
Your mp is fully restored (9).
Unknown command.
Are you sure you want to abandon this character and quit the game? (Confirm with "yes".)

Skill      XL: |  1  2  3  4  5  6  7  8 |
---------------+-------------------------+-----
Dodging        | 3 4 5 6 8 |  8.0
Fighting       | 2 3 4 5 |  5.6
Shapeshifting  | 4 5 6 |  6.6
Stealth        | 1 2 4 6 7 |  7.4
Unarmed Combat | 4 |  4.0

Action                     |  1- 3 |  4- 6 |  7- 9 || total
---------------------------+-------+-------+-------++-------
  Melee: Unarmed           |    72 |   147 |   136 ||   355
         Punch             |     2 |     2 |     6 ||    10
         Bite              |     4 |    14 |    28 ||    46
  Evoke: Wand              |       |       |     2 ||     2
    Use: Potion            |     1 |     4 |     4 ||     9
         Scroll            |       |     5 |     5 ||    10
   Stab: Sleeping          |     3 |     5 |     6 ||    14
 Armour: Skin              |    16 |    99 |    98 ||   213
  Dodge: Dodged            |    57 |   118 |   134 ||   309

Levels and vault maps discovered:
D:1:      elethiomel_arrival_quiet, layout_rooms, serial_aquarium,
          aquarium_bridge_square [aquarium_subvault_balcony,
          aquarium_subvault_wall, aquarium_subvault_wall,
          aquarium_subvault_bridge], aquarium_window_1,
          aquarium_window_corridor_2, aquarium_window_1, aquarium_window_corner,
          aquarium_view_2e, aquarium_view_2e,
          dreamdust_ecumenical_altar_angels_and_demons, serial_shops,
          nicolae_shop_just_a_little_nook
D:2:      layout_basic, kennysheep_cross_room, kennysheep_generic_room_5,
          uniq_terence
D:3:      minmay_diamond_boxcup, layout_loops_ring, minivault_24
D:4:      layout_basic
D:5:      dreamdust_elfheim, layout_basic, gammafunk_ghost_nasty_kobolds,
          cheibrodos_gnoll_hut
D:6:      layout_rooms, nicolae_overflow_crystal_walls,
          nicolae_overflow_macrodata_refinement, minmay_temple_entry_junction_2,
          serial_shops, nicolae_shop_bloodbath_and_beyond, serial_rivers,
          chequers_serial_rivers_micro_b, chequers_serial_rivers_small_a,
          chequers_serial_rivers_small_b, chequers_serial_rivers_micro_b,
          chequers_serial_rivers_micro_e, chequers_serial_rivers_marsh
D:7:      layout_basic
Temple:   hellmonk_temple_divided_pantheon

Notes
Turn   | Place    | Note
-------+----------+-------------------------------------------
     0 | D:1      | ytrimaz the Felid Shapeshifter began the quest for the Orb.
     0 | D:1      | Reached XP level 1. HP: 9/9 MP: 2/2
     0 | D:1      | magus.rc [v1.9.6]
    69 | D:1      | Reached skill level 3 in Dodging
    70 | D:1      | Reached XP level 2. HP: 12/12 MP: 3/3
   110 | D:1      | You pick up a book of Callings and begin reading...
   110 | D:1      | You add the spells Summon Small Mammal, Call Canine
                  | Familiar and Summon Guardian Golem to your library.
   209 | D:1      | Found Julam's Antique Weapon Shop.
   446 | D:1      | Found a faded altar of an unknown god.
   709 | D:2      | Reached XP level 3. HP: 15/15 MP: 4/4
  1335 | D:2      | Noticed Terence
  1348 | D:2      | HP: 4/24 [Terence/+5 hand axe of freezing (8)]
  1348 | D:2      | HP: 1/24 [Terence/+5 hand axe of freezing (3)]
  1349 | D:2      | Killed Terence
  1350 | D:2      | Reached skill level 2 in Fighting
  1350 | D:2      | Reached XP level 4. HP: 2/19 MP: 0/5
  1799 | D:3      | Reached skill level 4 in Shapeshifting
  2240 | D:3      | Reached skill level 4 in Dodging
  2240 | D:3      | Reached skill level 1 in Stealth
  2240 | D:3      | Reached XP level 5. HP: 22/22 MP: 4/6
  2377 | D:3      | Reached skill level 4 in Unarmed Combat
  2861 | D:4      | Reached skill level 2 in Stealth
  2947 | D:4      | HP: 4/23 [hound (4)]
  3297 | D:5      | Entered Level 5 of the Dungeon
  3301 | D:5      | Gained mutation: You are covered in thick fur. (AC +2)
                  | [Felid growth]
  3301 | D:5      | Reached XP level 6. HP: 27/27 MP: 7/7
  3313 | D:5      | Reached skill level 3 in Fighting
  3313 | D:5      | Reached skill level 3 in Stealth
  3314 | D:5      | HP: 7/28 [poisoned by a scorpion]
  3371 | D:5      | Noticed a water moccasin
  3427 | D:5      | Killed a water moccasin
  3428 | D:5      | Reached skill level 5 in Dodging
  3530 | D:5      | Found a runed translucent gate.
  3530 | D:5      | Found a runed translucent gate.
  3531 | D:5      | Found a runed translucent gate.
  3531 | D:5      | Noticed R007833r's ghost (novice GrFE)
  3554 | D:5      | HP: 10/42 [kobold brigand/+0 short sword (1)]
  3559 | D:5      | Reached skill level 4 in Stealth
  3559 | D:5      | Reached skill level 5 in Shapeshifting
  3559 | D:5      | Reached XP level 7. HP: 8/31 MP: 3/8
  3559 | D:5      | HP: 6/46 [kobold/+0 short sword (2)]
  3564 | D:5      | HP: 3/46 [kobold/+0 whip (1)]
  3752 | D:5      | Noticed Duvessa
  3752 | D:5      | Noticed Dowan
  3764 | D:5      | HP: 6/31 [Duvessa/+2 short sword of protection (4)]
  3765 | D:5      | Slain by Duvessa
  3803 | D:5      | Duvessa changed into Duvessa the boggart
  3803 | D:5      | Noticed Duvessa
  3806 | D:5      | Killed Duvessa the boggart
  3810 | D:5      | Dowan changed into Dowan the kobold
  3810 | D:5      | Noticed Dowan
  3811 | D:5      | Killed Dowan the kobold
  3811 | D:5      | HP: 7/31 [poisoned by Dowan]
  3814 | D:5      | HP: 2/31 [poisoned by Dowan]
  3815 | D:5      | Succumbed to Dowan's poison
  3838 | D:5      | Reached skill level 4 in Fighting
  3960 | D:5      | Reached skill level 6 in Dodging
  3968 | D:5      | HP: 8/32 [poisoned by a scorpion]
  4126 | D:5      | Reached skill level 5 in Stealth
  4138 | D:5      | Killed R007833r's ghost
  4139 | D:5      | Reached skill level 6 in Stealth
  4139 | D:5      | Reached XP level 8. HP: 36/36 MP: 9/9
  4290 | D:6      | magus.rc [v1.9.6]
  4294 | D:6      | Reached skill level 7 in Dodging
  4348 | D:6      | Found a staircase to the Ecumenical Temple.
  4376 | D:6      | Reached skill level 6 in Shapeshifting
  4394 | D:6      | Reached skill level 5 in Fighting
  4403 | D:6      | HP: 8/37 [gnoll/+0 whip[a gnoll sergeant] (7)]
  4652 | D:6      | Found an ancient bone altar of Kikubaaqudgha.
  4652 | D:6      | Found a shimmering blue altar of Sif Muna.
  4675 | Temple   | Found a transporter.
  4675 | Temple   | Found a transporter.
  4675 | Temple   | Found a transporter.
  4675 | Temple   | Found a transporter.
  4675 | Temple   | Entered the Ecumenical Temple
  4701 | Temple   | Became a worshipper of Gozag Ym Sagoz the Greedy
  4736 | D:6      | Found a sparkling altar of Nemelex Xobeh.
  4741 | D:6      | Found a basalt altar of Yredelemnul.
  4807 | D:6      | Reached skill level 7 in Stealth
  5069 | D:6      | Found Cosh's Weapon Emporium.
  5093 | D:6      | Found a glowing silver altar of Zin.
  5146 | D:6      | You pick up a book of Blood and begin reading...
  5146 | D:6      | You add the spells Sublimation of Blood, Wereblood and
                  | Summon Hydra to your library.
  5303 | D:7      | Reached skill level 8 in Dodging
  5306 | D:7      | HP: 4/37 [steam dragon/ball of steam (13)]
  5307 | D:7      | Engulfed by a steam dragon's steam
  5308 | D:7      | Quit the game

Vanquished Creatures
  An ice beast (D:6)
  A sky beast (D:6)
  An ogre (D:6)
  A boggart (D:5)
  A kobold brigand (D:5)
  A gnoll sergeant (D:6)
  3 scorpions
  A howler monkey (D:5)
  7 hounds
  A sleepcap (D:5)
  A gnoll bouda (D:6)
  Terence (D:2)
  2 iguanas (D:6)
  2 orc wizards
  7 gnolls
  7 adders
  A white imp (D:6)
  4 worms
  3 dart slugs
  12 orcs
  2 ball pythons (D:1)
  10 bats
  An endoplasm (D:4)
  3 giant cockroaches
  11 goblins
  7 hobgoblins
  4 jackals (D:4)
  14 kobolds
  4 frilled lizards
  7 rats
121 creatures vanquished.

Vanquished Creatures (collateral kills)
  The ghost of R007833r the Magician, a novice GrFE (D:5)
  A water moccasin (D:5)
  A kobold brigand (D:5)
  A jelly (D:5)
  6 kobolds (D:5)
10 creatures vanquished.

Vanquished Creatures (others)
  An orc wizard (D:7)
1 creature vanquished.

Grand Total: 132 creatures vanquished

Table legend:
 A = Non-vault XP
 B = Vault XP
 C = Vault XP percentage of total XP
 D = Non-vault monster count
 E = Vault monster count
 F = Vault count percentage of total count
                 A         B        C        D         E       F
            +---------+---------+-------+---------+---------+-------
      Total |    1835 |     841 |  31.4 |     107 |      25 |  18.9
            +---------+---------+-------+---------+---------+-------
        D:1 |      37 |       0 |   0.0 |      21 |       0 |   0.0
        D:2 |      35 |      37 |  51.4 |      13 |       2 |  13.3
        D:3 |      92 |      47 |  33.8 |      18 |       8 |  30.8
        D:4 |     131 |       0 |   0.0 |      18 |       0 |   0.0
        D:5 |     611 |     757 |  55.3 |      16 |      15 |  48.4
        D:6 |     877 |       0 |   0.0 |      18 |       0 |   0.0
        D:7 |      52 |       0 |   0.0 |       3 |       0 |   0.0
            +---------+---------+-------+---------+---------+-------

Skill      XL: |  1  2  3  4  5  6  7  8 |
---------------+-------------------------+-----
Dodging        | 3 4 5 6 8 |  8.0
Fighting       | 2 3 4 5 |  5.6
Shapeshifting  | 4 5 6 |  6.6
Stealth        | 1 2 4 6 7 |  7.4
Unarmed Combat | 4 |  4.0

Action                     |  1- 3 |  4- 6 |  7- 9 || total
---------------------------+-------+-------+-------++-------
  Melee: Unarmed           |    72 |   147 |   136 ||   355
         Punch             |     2 |     2 |     6 ||    10
         Bite              |     4 |    14 |    28 ||    46
  Evoke: Wand              |       |       |     2 ||     2
    Use: Potion            |     1 |     4 |     4 ||     9
         Scroll            |       |     5 |     5 ||    10
   Stab: Sleeping          |     3 |     5 |     6 ||    14
 Armour: Skin              |    16 |    99 |    98 ||   213
  Dodge: Dodged            |    57 |   118 |   134 ||   309

Illustrated notes

Table legend:
 A = Kills in this place as a percentage of kills in the entire game.
 B = Kills by you in this place as a percentage of kills by you in the entire game.
 C = Kills by friends in this place as a percentage of kills by friends in the entire game.
 D = Other kills in this place as a percentage of other kills in the entire game.
 E = Experience gained in this place as a percentage of experience gained in the entire game.
 F = Experience gained in this place divided by the number of levels of this place that you have seen.
                   A       B       C       D       E      F
               +-------+-------+-------+-------+-------+----------------------
         Total | 100.0 | 100.0 | 100.0 | 100.0 | 100.0 | 334.5
       Dungeon | 100.0 | 100.0 | 100.0 | 100.0 | 100.0 | 382.3
               +-------+-------+-------+-------+-------+----------------------

Table legend: (Time is in decaauts)
 A = Elapsed time spent in this place.
 B = Non-inter-level travel time spent in this place.
 C = Inter-level travel time spent in this place.
 D = Time resting spent in this place.
 E = Time spent auto-exploring this place.
 F = Levels seen in this place.
 G = Mean time per level.
                   A        B        C        D        E       F      G
               +--------+--------+--------+--------+--------+-----+--------+
         Total |   4533 |   4333 |    200 |     71 |   3370 |   8 |  566.6 |
       Dungeon |   4497 |   4307 |    190 |     71 |   3357 |   7 |  642.4 |
        Temple |     36 |     27 |      9 |      0 |     13 |   1 |   36.0 |
               +--------+--------+--------+--------+--------+-----+--------+

Top non-repeatable levels by time:
     D:5: 892 daAuts
     D:3: 863 daAuts
     D:6: 771 daAuts
     D:2: 744 daAuts
     D:4: 626 daAuts
     D:1: 532 daAuts
     D:7: 67 daAuts
  Temple: 36 daAuts
